 Dungeon Crawl Stone Soup version 0.25.0-9-g26727b657a (webtiles) character file.

Game seed: 16668355562990770140

66 Esekla the Grasshopper (level 3, 0/20 HPs)
             Began as a Deep Elf Warper on June 20, 2020.
             Slain by a centaur (6 damage)
             ... on level 5 of the Dungeon.
             The game lasted 00:11:20 (2152 turns).

Esekla the Grasshopper (Deep Elf Warper)            Turns: 2152, Time: 00:11:20

Health: 0/20       AC:  5    Str:  8    XL:     3   Next: 96%
Magic:  9/9        EV: 13    Int: 17    God:
Gold:   65         SH:  0    Dex: 15    Spells: 4/8 levels left

rFire    . . .     SeeInvis .   a - +0 falchion
rCold    + . .     Gourm    .   (no shield)
rNeg     . . .     Faith    .   b - +0 leather armour
rPois    .         Spirit   .   (no helmet)
rElec    .         Reflect  .   (no cloak)
rCorr    .         Harm     .   s - +0 pair of gloves
MR       .....                  m - +0 pair of boots
Stlth    +.........             (no amulet)
HPRegen  0.06/turn              p - ring of protection from cold
MPRegen  0.11/turn              (no ring)

@: no status effects
A: no striking features
a: no special abilities


You were on level 5 of the Dungeon.
You were hungry.

You visited 1 branch of the dungeon, and saw 6 of its levels.

You collected 65 gold pieces.

Inventory:

Hand Weapons
 a - a +0 falchion (weapon)
 j - a +0 short sword
Missiles
 e - 2 boomerangs of dispersal (quivered)
Armour
 b - a +0 leather armour (worn)
 m - a +0 pair of boots (worn)
 s - a +0 pair of gloves (worn)
Jewellery
 p - a ring of protection from cold (left hand)
Wands
 q - a wand of disintegration (6)
Scrolls
 c - a scroll of magic mapping {unknown}
 d - a scroll of blinking
 g - a scroll of fear {unknown}
 h - 5 scrolls of identify {unknown}
 l - a scroll of teleportation {unknown}
 n - a scroll of fog {unknown}
Potions
 i - a potion of heal wounds {unknown}
 k - 3 potions of curing {unknown}
 o - 2 potions of mutation {unknown}
 r - a potion of might {unknown}
Comestibles
 f - 5 rations


   Skills:
 - Level 1.5 Fighting
 * Level 2.9 Long Blades
 + Level 1.0 Throwing
 - Level 0.7 Armour
 * Level 3.4 Dodging
 + Level 0.5 Stealth
 + Level 3.4 Spellcasting
 + Level 0.4 Charms
 + Level 3.5 Translocations


You had 4 spell levels left.
You knew the following spells:

 Your Spells              Type           Power        Failure   Level  Hunger
a - Shroud of Golubria    Chrm/Tloc      #.....       16%         2    ##.....
b - Blink                 Tloc           N/A          9%          2    ##.....

Your spell library contained the following spells:

 Spells                   Type           Power        Failure   Level  Hunger
 Gell's Gravitas          Tloc           ##........   17%         3    ###....
 Lesser Beckoning         Tloc           ##........   17%         3    ###....
 Teleport Other           Tloc           ##......     17%         3    ###....
 Passage of Golubria      Tloc           N/A          50%         4    ####...


Dungeon Overview and Level Annotations

Branches:
Dungeon (6/15)
 Temple: D:4-7

Altars:

Shops:
D:6 (


Message History

A gnoll comes into view.
It is wielding a +0 halberd and carrying a wand of digging (7).
The gnoll shouts!
You hear a shout! x3
The gnoll zaps a wand.
Some rock shatters into small pieces.
There is a stone staircase leading up here.
You climb upwards.
There is a stone staircase leading down here.
Found a scroll labeled POEXIFYEMIE.
A centaur comes into view.
You see here a scroll labeled POEXIFYEMIE.
j - a +0 short sword (weapon)
The centaur shouts!
The centaur wields a +0 shortbow.
The centaur shoots an arrow.
The arrow hits you!
The centaur unwields a +0 shortbow.
The centaur closely misses you. The centaur barely misses you.
a - a +0 falchion (weapon)
The centaur hits you.
* * * LOW HITPOINT WARNING * * *
You hit the centaur but do no damage. The centaur hits you.
You die...

## . #.
..###.##########
...............#
.......@######?#####
..###.#c...........#
# ########.###.#
#... #># #.### #.#
... #.. .## ##.# #
.# .#


You could see a centaur.

Vanquished Creatures
  A bullfrog zombie (D:5)
  2 dart slugs
  2 leopard geckos
  An orc (D:3)
  3 bats
  3 giant cockroaches (D:3)
  A goblin (D:2)
  A hobgoblin (D:2)
  6 kobolds
  A quokka (D:2)
  4 frilled lizards
  3 rats
28 creatures vanquished.

Notes
Turn   | Place    | Note
-------+----------+-------------------------------------------
     0 | D:1      | Esekla the Deep Elf Warper began the quest for the Orb.
     0 | D:1      | Reached XP level 1. HP: 12/12 MP: 6/6
   518 | D:1      | Reached XP level 2. HP: 16/16 MP: 8/8
   536 | D:1      | Learned a level 2 spell: Shroud of Golubria
   539 | D:1      | Learned a level 2 spell: Blink
  1497 | D:3      | Reached XP level 3. HP: 19/20 MP: 7/9
  1626 | D:5      | Entered Level 5 of the Dungeon
  2116 | D:6      | Found Haygirai's Weapon Boutique.
  2142 | D:5      | Noticed a centaur
  2152 | D:5      | Slain by a centaur

Illustrated notes

Levels and vault maps discovered:
D:1:      tarquinn_simple_flora_water_d, layout_basic, chequers_mini_garden
D:2:      layout_basic, lemuel_round_altar
D:3:      layout_basic, yredelemnul_altar_generic,
          chequers_ecumenical_altar_simple
D:4:      layout_loops_corners, first_ration, serial_shops, shop,
          minmay_misc_feat_chi, minmay_goblin_outpost, uniq_robin, uniq_ijyb,
          uniq_menkaure
D:5:      layout_loops_ring
D:6:      layout_gridville, overflow_temple_1_default, serial_shops, shop,
          uniq_crazy_yiuf_cottage

Skill      XL: |  1  2 |
---------------+-------+-----
Long Blades    | 2 |  2.9
Dodging        | 3 |  3.4
Fighting       | |  1.5
Throwing       | |  1.0
Armour         | |  0.7
Stealth        | |  0.5
Spellcasting   | |  3.4
Charms         | |  0.4
Translocations | |  3.5

Action                   || total
-------------------------++-------
Melee: Falchion          ||   153
Throw: Boomerang         ||     3
 Cast: Shroud of Golubri ||    14
 Stab: Sleeping          ||     1
  Eat: Chunk             ||     4
Armor: Leather armour    ||    49
Dodge: Dodged            ||   105
       Rpst.: Falchion   ||    37
